 Dungeon Crawl Stone Soup version 0.26.0-45-g9c1d065592 (webtiles) character file.

Game seed: 4696653549003726757

1320 Qrupt the Skirmisher (level 8, -2/73 HPs)
             Began as a Palentonga Abyssal Knight on Jan 30, 2021.
             Was a Priest of Lugonu.
             Slain by a river rat (6 damage)
             ... summoned by Eustachio
             ... on level 4 of the Dungeon.
             The game lasted 00:15:20 (7700 turns).

Qrupt the Skirmisher (Palentonga Abyssal Knight)    Turns: 7700, Time: 00:15:21

Health: -2/73      AC: 16    Str: 18    XL:     8   Next: 33%
Magic:  12/12      EV: 10    Int: 19    God:    Lugonu [***...]
Gold:   202        SH:  4    Dex:  9    Spells: 7/7 levels left

rFire    . . .     SeeInvis +   a - +1 falchion
rCold    . . .     Faith    .   v - +0 buckler
rNeg     . . .     Spirit   .   b - +0 leather armour
rPois    .         Reflect  .   n - +0 helmet
rElec    .         Harm     .   o - +2 cloak
rCorr    .         Rampage  .   (no gloves)
Will     .....                  (no barding)
Stlth    +.........             e - amulet of inaccuracy
HPRegen  0.22/turn              l - +6 ring of intelligence
MPRegen  0.13/turn              (no ring)

@: curled up
A: large, rugged brown scales 3, see invisible, deformed body, wild magic 1,
roll 2, armoured tail, reflexive curl
a: Rolling Charge, Renounce Religion, Depart the Abyss, Bend Space, Banish


You were on level 4 of the Dungeon.
You worshipped Lugonu.
Lugonu was most pleased with you.
You visited 1 branch of the dungeon, and saw 5 of its levels.
You visited the Abyss 1 time.

You collected 244 gold pieces.
You spent 42 gold pieces at shops.

Inventory:

Hand Weapons
 a - a +1 falchion (weapon)
Armour
 b - a +0 leather armour (worn)
 n - a +0 helmet (worn)
 o - a +2 cloak (worn)
 v - a +0 buckler (worn)
Jewellery
 e - an amulet of inaccuracy (around neck)
 l - a +6 ring of intelligence (left hand)
 m - an uncursed ring of magical power {unknown}
 u - an uncursed ring of see invisible {unknown}
Wands
 i - a wand of random effects (16)
Scrolls
 d - 2 scrolls of enchant armour {unknown}
 f - 3 scrolls of remove curse
 g - 2 scrolls of teleportation {unknown}
 k - 3 scrolls of identify {unknown}
 p - 3 scrolls of amnesia {unknown}
 t - 3 scrolls of enchant weapon {unknown}
 w - a scroll of blinking {unknown}
 y - a scroll of noise {unknown}
Potions
 q - a potion of heal wounds
 r - a potion of mutation
 s - 2 potions of brilliance {unknown}
 x - a potion of attraction {unknown}
 z - a potion of curing


   Skills:
 + Level 5.6 Fighting
 + Level 4.8 Long Blades
 + Level 4.0 Armour
 - Level 2.0 Dodging
 + Level 2.6 Shields
 + Level 5.3 Invocations


You had 7 spell levels left.
You didn't know any spells.
Your spell library contained the following spells:

 Spells                   Type           Power        Failure   Level
 Beastly Appendage        Tmut           0%           32%         1
 Wereblood                Tmut           0%           45%         2
 Spider Form              Tmut/Pois      0%           67%         3
 Ice Form                 Ice/Tmut       0%           96%         4
 Blade Hands              Tmut           0%           100%        5


Dungeon Overview and Level Annotations

Branches:
Dungeon (5/15)
 Temple: D:4-7

Altars:
Fedhas
Makhleb

Shops:
D:4 !

Annotations:
D:4 Eustachio


Innate Abilities, Weirdness & Mutations

You are completely covered in rugged brown scales. (AC +3, +7% HP)
You have supernaturally acute eyesight. (SInv)
Armour fits poorly on your strangely shaped body.
You can roll at foes to attack.
You have a long armoured tail.
You curl defensively after being hit.
Your spells are a little harder to cast, but a little more powerful.


Message History

* * * LOW HITPOINT WARNING * * *
The bat hits you but does no damage.
The river rat bites you but does no damage.
You start removing your amulet.
You continue taking off your amulet of inaccuracy.
The white imp disappears in a puff of smoke!
The bat hits you but does no damage. You block the gnoll's attack.
You block the river rat's attack.
You continue taking off your amulet of inaccuracy.
The bat hits you but does no damage. Eustachio barely misses you.
You riposte.
You miss Eustachio.
Eustachio is severely wounded.
The gnoll hits you with a +0 flail!
* * * LOW HITPOINT WARNING * * *
You block the river rat's attack.
You continue taking off your amulet of inaccuracy.
The bat closely misses you. Eustachio hits you with a +0 rapier.
* * * LOW HITPOINT WARNING * * *
The river rat bites you.
You die...

#.#......# ##...## ####.#
#.#.#..#.# ##.....## ####.##
#....#...# ##.......## ##......
#..#.[#..####.........####...#.#.
#...#..#....'.........+..........
#....#....###.§§§§§...###....#.#.
##.#..#...# ##§b§§§..## #......#.
#..#..#..# ##r.@§.## #........
#...#....# ##@gr## ##.######
#.#..#...# ##r## #.# #..#..#.##
#.# #.# ##...#...########.#####
#.# #..#..#...............# #.#
#...#..#..####.#...##.# #.#
#.........# #......#.####.#
##.###.#..####.#...........# #.#
#...........##)########


You could see Eustachio, a gnoll, 2 river rats, a bat (summoned) and a rat
(summoned).

Vanquished Creatures
  Duvessa (D:4)
  An ogre (D:4)
  A centaur (D:4)
  Blork the orc (D:4)
  A gnoll sergeant (D:4)
  Dowan (D:4)
  A howler monkey (D:4)
  An orc wizard (D:3)
  An orc priest (D:3)
  A hound (D:4)
  Crazy Yiuf (D:3)
  3 gnoll shamans (D:4)
  2 iguanas (D:4)
  Natasha (thrice) (D:2)
  A worker ant (D:4)
  A hound skeleton (D:4)
  34 gnolls (D:4)
  2 adders
  An ufetubus (D:3)
  2 oozes (D:3)
  3 worms
  5 dart slugs
  2 leopard geckos
  9 orcs
  2 ball pythons
  3 bats
  2 giant cockroaches
  A goblin (D:1)
  4 hobgoblins
  17 jackals
  8 kobolds
  2 frilled lizards (D:1)
  A leopard gecko skeleton (D:4)
  5 rats
124 creatures vanquished.

Vanquished Creatures (others)
  A bush (D:4)
  A plant (D:4)
2 creatures vanquished.

Grand Total: 126 creatures vanquished

Notes
Turn   | Place    | Note
-------+----------+-------------------------------------------
     0 | Abyss:1  | Qrupt the Palentonga Abyssal Knight began the quest for the
                  | Orb.
     0 | Abyss:1  | Reached XP level 1. HP: 20/20 MP: 2/2
    62 | Abyss:1  | Noticed a lich
    63 | Abyss:1  | Noticed an iron imp
    65 | D:1      | Escaped the Abyss
   194 | D:1      | Reached * piety under Lugonu
   202 | D:1      | Reached XP level 2. HP: 27/27 MP: 3/3
   515 | D:1      | Reached skill level 1 in Dodging
   786 | D:1      | Reached XP level 3. HP: 30/33 MP: 4/4
  1618 | D:2      | Noticed Natasha
  1626 | D:2      | Killed Natasha
  2010 | D:2      | Noticed Natasha
  2020 | D:2      | Killed Natasha
  2021 | D:2      | Reached XP level 4. HP: 41/42 MP: 6/6
  2189 | D:2      | Noticed Natasha
  2190 | D:2      | Killed Natasha
  2495 | D:3      | Reached XP level 5. HP: 21/49 MP: 7/7
  2497 | D:3      | Reached ** piety under Lugonu
  3599 | D:3      | HP: 3/73 [poisoned by an adder]
  3599 | D:3      | HP: 1/73 [kobold/+0 dagger (2)]
  3601 | D:3      | Gained mutation: You can roll at foes to attack. [potion of
                  | mutation]
  3601 | D:3      | Gained mutation: Your spells are a little harder to cast,
                  | but a little more powerful. [potion of mutation]
  3894 | D:3      | Found a burning altar of Makhleb.
  4178 | D:3      | Found a runed translucent door.
  4179 | D:3      | Noticed Crazy Yiuf
  4484 | D:4      | Reached XP level 6. HP: 16/55 MP: 8/8
  4774 | D:3      | Killed Crazy Yiuf
  4829 | D:4      | Noticed Duvessa
  4829 | D:4      | Noticed Dowan
  4837 | D:4      | Killed Duvessa
  4853 | D:4      | Killed Dowan
  4995 | D:4      | Noticed Blork the orc
  5013 | D:4      | Killed Blork the orc
  5014 | D:4      | Reached skill level 1 in Shields
  5014 | D:4      | Gained mutation: You curl defensively after being hit.
                  | [Palentonga growth]
  5014 | D:4      | Reached XP level 7. HP: 51/64 MP: 10/10
  5228 | D:4      | Found a blossoming altar of Fedhas.
  6015 | D:4      | Reached skill level 5 in Fighting
  6518 | D:4      | Found Umedoras's Distillery.
  6526 | D:4      | Bought a potion of curing for 42 gold pieces
  6850 | D:4      | Reached *** piety under Lugonu
  7076 | D:4      | Reached skill level 5 in Invocations
  7076 | D:4      | Reached XP level 8. HP: 67/72 MP: 11/11
  7385 | D:4      | Noticed Eustachio
  7495 | D:5      | Entered Level 5 of the Dungeon
  7700 | D:4      | Slain by a river rat

Illustrated notes

Levels and vault maps discovered:
D:1:      lemuel_arrival_funnel, layout_basic
D:2:      layout_basic, serial_glass, glass_columns_c, glass_columns_a,
          glass_columns_a, glass_columns_b, glass_columns_b, glass_columns_b,
          glass_columns_a, glass_columns_b, glass_columns_a, glass_columns_a,
          glass_columns_a, glass_columns_c, glass_columns_b, glass_columns_a,
          uniq_natasha
D:3:      layout_basic, lemuel_altar_in_water, uniq_crazy_yiuf_cottage
D:4:      lemuel_castle_with_subvaults [lemuel_castle_interior_carwin_3],
          layout_loops_corners, fedhas_bush_and_centaur_altar, serial_shops,
          shop, minmay_misc_feat_diagonals, kennysheep_small_circle,
          uniq_eustachio, uniq_blork_the_orc, uniq_duvessa
D:5:      layout_loops_ring, minmay_temple_entry_butterflies

Skill      XL: |  1  2  3  4  5  6  7  8 |
---------------+-------------------------+-----
Dodging        | 1 2 |  2.0
Armour         | 2 3 4 |  4.0
Invocations    | 3 4 5 |  5.3
Fighting       | 4 5 |  5.6
Long Blades    | 3 4 |  4.8
Shields        | 1 2 |  2.6

Action                   |  1- 3 |  4- 6 |  7- 9 || total
-------------------------+-------+-------+-------++-------
Melee: Falchion          |    88 |   205 |   361 ||   654
       Tailslap          |    11 |     8 |    45 ||    64
Throw: Throwing net      |       |       |     4 ||     4
Invok: Depart the Abyss  |     1 |       |       ||     1
 Abil: Rolling Charge    |     3 |     4 |    37 ||    44
Evoke: Wand              |       |     2 |     1 ||     3
  Use: Potion            |       |     7 |     2 ||     9
       Scroll            |       |       |     2 ||     2
 Stab: Held in net/web   |       |       |     1 ||     1
Armor: Leather armour    |    28 |    82 |   155 ||   265
       Skin              |       |    21 |    47 ||    68
Dodge: Dodged            |    57 |   105 |   180 ||   342
Block: Buckler           |       |     3 |    61 ||    64
       Rpst.: Falchion   |    17 |    31 |    53 ||   101
